 Dungeon Crawl Stone Soup version 0.31.0-11-ge490571c62 (webtiles) character file.

Game seed: 3036513228022816489

21 qw the Shooter (level 2, 0/14 HPs)
             Began as a Spriggan Hunter on Feb 4, 2024.
             Succumbed to their own poison gas
             ... on level 1 of the Dungeon.
             The game lasted 00:00:01 (476 turns).

qw the Shooter (Spriggan Hunter)                     Turns: 476, Time: 00:00:02

Health: 0/14       AC:  2    Str:  7    XL:     2   Next: 62%
Magic:  3/3        EV: 19    Int: 10    God:
Gold:   48         SH:  0    Dex: 18    Spells: 1/1 levels left

rFire   . . .        a - +0 shortbow
rCold   . . .        (shield currently unavailable)
rNeg    . . .        c - +0 robe
rPois   .            (helmet restricted)
rElec   .            (no cloak)
rCorr   .            (gloves unavailable)
SInv    +            (boots unavailable)
Will    .....        (no amulet)
Stlth   ++           (no ring)
HPRegen 0.22/turn    (no ring)
MPRegen 0.08/turn

%: no passive effects
@: lethally poisoned (0 -> -4), very quick
A: very small, no large weapons, unfitting armour, see invisible, speed 3
a: no special abilities


You were on level 1 of the Dungeon.
You visited 1 branch of the dungeon, and saw 1 of its levels.

You collected 48 gold pieces.


Innate Abilities, Weirdness & Mutations

You are very small and have problems with some larger weapons.
You are too small for most types of armour.
You have supernaturally acute eyesight. (SInv)
You cover ground extremely quickly. (Speed+++)


   Skills:
 - Level 1.5 Fighting
 + Level 4.2 Ranged Weapons
 - Level 4.0 Dodging
 - Level 1.5 Stealth


You had one spell level left.
You didn't know any spells.
Your spell library was empty.

Inventory:

Hand Weapons
 a - a +0 shortbow (weapon)
Armour
 c - a +0 robe (worn)
Potions
 d - a potion of ambrosia {unknown}
 f - a potion of curing {unknown}

Dungeon Overview and Level Annotations

Branches:
Dungeon (1/15)

Altars:


Message History

Done exploring.
466 ||| READING scroll labelled AZAFAX GILO.
As you read the scroll labelled AZAFAX GILO, it crumbles to dust.
You hear a loud clanging noise!
It was a scroll of noise.
Done exploring.
467 ||| READING scroll labelled RETODY CATT.
The air fills with toxic fumes!
As you read the scroll labelled RETODY CATT, it crumbles to dust.
It was a scroll of poison.
Done exploring.
468 ||| DROPPING scroll of butterflies.
You drop a scroll of butterflies.
Done exploring.
469 ||| DROPPING scroll of torment.
You drop a scroll of torment.
Done exploring.
What level of the Dungeon? (default 1, ? - help) Sorry, I don't know how to get there.
Enter note:
Enter note:
Enter note:
Enter note:
Enter note:
Enter note: You are engulfed in poison gas.
You are lethally poisoned!
You feel very sick.
471 ||| Stepping ~*~*~tactically~*~*~ (cloud).
You feel sick.
Things that are here:
a scroll of torment; a scroll of butterflies
There is a lethal amount of poison in your body!
You feel very sick.
There is a lethal amount of poison in your body!
You feel sick.
There is a lethal amount of poison in your body!
You feel sick.
There is a lethal amount of poison in your body!
You feel sick.
There is a lethal amount of poison in your body!
You die...

#.#.#.#.....#.#.#.# ##.#######.##
#.#.#.#.....#.#.#0###....%)......
'.#.#[+..<..'.#.#¤0.%..#######...
#.#.#.#.....#.#.#¤####.#.........
#.#.#.#.....#.#.#¤#......#####...
#.#.#.###+###.#.#¤#..>..## #...
#.##.#.......#.##¤#.....######...
#.#.###########^#¤#.....#...#####
#.....(...¤¤0¤00@¤#..........##
#########'#########...........###
.......##.# #................#..
.......##'####).................#
#########...##.%########.......##
###....#...# #.......###
#########.####...####.......###
##.........# #......#..........
##..############...##..........%#


There were no monsters in sight!

Vanquished Creatures
  2 dart slugs (D:1)
  2 goblins (D:1)
  2 hobgoblins (D:1)
  2 ball pythons (D:1)
  3 bats (D:1)
  2 kobolds (D:1)
  3 rats (D:1)
16 creatures vanquished.

Notes
Turn   | Place    | Note
-------+----------+-------------------------------------------
     0 | D:1      | qw the Spriggan Hunter began the quest for the Orb.
     0 | D:1      | Reached XP level 1. HP: 10/10 MP: 2/2
     0 | D:1      | 0 ||| qw: Version: 0.3-a-160-g6735b56
     0 | D:1      | 0 ||| qw: Game counter: 5184
     0 | D:1      | 0 ||| qw: Melee chars always use a shield: true
     0 | D:1      | 0 ||| qw: God list: Okawaru
     0 | D:1      | 0 ||| qw: Allow faded altars: false
     0 | D:1      | 0 ||| qw: Do Orc after clearing Dungeon:15 true
     0 | D:1      | 0 ||| qw: Do second Lair branch before Depths: true
     0 | D:1      | 0 ||| qw: Lair rune preference: random
     0 | D:1      | 0 ||| qw: Goals: Normal
     0 | D:1      | 0 ||| PLANNING D:1-11
    25 | D:1      | Reached skill level 3 in Dodging
    50 | D:1      | Reached XP level 2. HP: 9/14 MP: 3/3
   440 | D:1      | 440 ||| READING 2 scrolls labelled PIL KEKHEUTAL.
   466 | D:1      | 466 ||| READING scroll labelled AZAFAX GILO.
   467 | D:1      | 467 ||| READING scroll labelled RETODY CATT.
   468 | D:1      | 468 ||| DROPPING scroll of butterflies.
   469 | D:1      | 469 ||| DROPPING scroll of torment.
   471 | D:1      | 471 ||| Stepping ~*~*~tactically~*~*~ (cloud).
   473 | D:1      | HP: 2/14 [poisoned by you (poison gas)]
   476 | D:1      | Succumbed to their own poison gas

Levels and vault maps discovered:
D:1:      matt_arrival_los_fun, layout_rooms

Skill      XL: |  1  2 |
---------------+-------+-----
Dodging        | 3 4 |  4.0
Fighting       | |  1.5
Ranged Weapons | |  4.2
Stealth        | |  1.5

Action                     || total
---------------------------++-------
   Fire: Shortbow          ||    56
    Use: Scroll            ||     3
 Armour: Robe              ||     8
  Dodge: Dodged            ||    19

Table legend:
 A = Non-vault XP
 B = Vault XP
 C = Vault XP percentage of total XP
 D = Non-vault monster count
 E = Vault monster count
 F = Vault count percentage of total count
                 A         B        C        D         E       F
            +---------+---------+-------+---------+---------+-------
      Total |      30 |       0 |   0.0 |      16 |       0 |   0.0
            +---------+---------+-------+---------+---------+-------
        D:1 |      30 |       0 |   0.0 |      16 |       0 |   0.0
            +---------+---------+-------+---------+---------+-------
